Unix NetHack Version 5.0.0-0 post-release - last build Jul 11 2026 15:18:16 (a5a7a23833b1ad5d30b1c6e96a93a978492a6348,branch:main).

Game began 2026-07-12 13:14:37, ended 2026-07-12 13:49:39.

LDaviesPeters, neutral female human Archeologist

                                                                         ..-
                                                                        ..%.
                                                                        .....
                                                                        .B...
                                                                        -@...
                                                                        .).--
                                                                        ...|

LDaviesPeters the Field Worker  St:13 Dx:10 Co:14 In:15 Wi:15 Ch:10  Neutral
Dlvl:4  $:0  HP:0(31) Pw:8(8) AC:4  Xp:3 T:1902 

Latest messages:
 The homunculus misses!
 You lash the homunculus.
 The homunculus bites!
 You lash the homunculus.
 The homunculus bites!
 You kill the homunculus!
 You see here a locked chest.
 You swap places with your little dog.
 You hear the footsteps of a guard on patrol.
 You see here 4 daggers named Cursed.
 You descend the stairs.
 The dagger misses the little dog.
 You are hit by a dagger.
 C - a dagger.
 You see here 3 darts.
 You hear rumbling in the distance.
 The dwarf hits!
 The little dog bites the dwarf.
 The dwarf hits the little dog.
 You miss the dwarf.
 The little dog bites the dwarf.
 The dwarf hits the little dog.
 The dwarf hits!
 You kill the dwarf!
 The giant bat bites!
 The little dog misses the giant bat.
 The giant bat bites!
 You miss the giant bat.
 The giant bat bites!
 The little dog misses the giant bat.
 You lash the giant bat.
 The giant bat just misses!
 The little dog misses the giant bat.
 You hear a D note squeak in the distance.
 The little dog misses the giant bat.
 You miss the giant bat.
 The giant bat bites!
 The little dog misses the giant bat.
 There is a dwarf corpse here; eat it? [ynq] (n) y
 This dwarf corpse is stringy.
 You stop eating the dwarf corpse.
 The little dog misses the giant bat.
 The little dog misses the giant bat.
 The little dog misses the giant bat.
 You hear rumbling in the distance.
 The giant bat bites!
 It misses the giant bat.
 The giant bat bites!
 You die...
 Do you want your possessions identified? [ynq] (y) q

Inventory:
 Weapons  (')')
  C - a +0 dagger
  a - a burnt +2 bullwhip (weapon in right hand)
 Armor    ('[')
  c - a blessed +0 fedora (being worn)
  k - an uncursed +0 dwarvish mithril-coat (being worn)
 Comestibles  ('%')
  q - a cursed cram ration
  d - 5 uncursed food rations
  r - an uncursed tripe ration
  y - a blessed tin of sauteed rock mole meat
 Potions  ('!')
  B - an uncursed potion of enlightenment
 Rings    ('=')
  l - a cursed +1 ring of adornment named Cursed
 Wands    ('/')
  A - a wand of sleep (0:7)
 Tools    ('(')
  b - an uncursed sack containing 7 items
  i - a magic marker (0:21)
  p - a +0 pick-axe (alternate weapon; not wielded)
  f - a tinning kit (0:47)
 Gems/Stones  ('*')
  g - an uncursed touchstone

Contents of the sack:
  81 gold pieces
  a blessed scroll of confuse monster
  an uncursed scroll of create monster
  an uncursed scroll of destroy armor
  a blessed scroll of enchant armor
  a cursed scroll of identify
  an uncursed scroll of light

LDaviesPeters the Archeologist's attributes:

Background:
 You were a Field Worker, a level 3 female human Archeologist.
 You were neutral, nominally on a mission for Camaxtli
 who was opposed by Quetzalcoatl (lawful) and Huhetotl (chaotic).
 You were right-handed.
 You were in the Gnomish Mines, on level 4.
 You entered the dungeon 1902 turns ago.
 You had 79 experience points, 1 more was needed to attain level 4.

Basics:
 You had 0 out of 31 hit points.
 You had all 8 energy points (spell power).
 Your armor class was 4.
 Your wallet was empty, but
 you had 81 zorkmids stashed away in your pack.
 Autopickup was off.

Final Characteristics:
 Your strength was 13 (limit:18/100).
 Your dexterity was 10 (limit:18).
 Your constitution was 14 (limit:18).
 Your intelligence was 15 (limit:18).
 Your wisdom was 15 (limit:18).
 Your charisma was 10 (limit:18).

Final Status:
 You weren't hungry.
 You were unencumbered.
 You were wielding a whip.
 You had basic skill with whip.

Final Attributes:
 You were devoutly aligned.
 You had automatic searching.
 You were guarded.
 You were lucky.
 You are dead.

Miscellaneous:
 You didn't encounter any bones levels.
 Total elapsed playing time was 35 minutes and 1 second.

Major events:
 Turn
    1: LDaviesPeters the neutral female human Archeologist entered the dungeon
  877: entered the Gnomish Mines
 1229: attained the rank of Field Worker (level 3)
 1902: killed by a giant bat

You didn't know any spells.

Skills:
 Fighting Skills
   bare handed combat [Unskilled]
   two weapon combat  [Unskilled]
   riding             [Unskilled]
 Weapon Skills
   dagger             [Unskilled]
   knife              [Unskilled]
   pick-axe           [Basic]
   short sword        [Unskilled]
   saber              [Unskilled]
   club               [Unskilled]
   quarterstaff       [Unskilled]
   sling              [Unskilled]
   dart               [Unskilled]
   boomerang          [Unskilled]
   whip               [Basic]
   unicorn horn       [Unskilled]
 Spellcasting Skills
   attack spells      [Unskilled]
   healing spells     [Unskilled]
   divination spells  [Unskilled]
   matter spells      [Unskilled]

Voluntary challenges:
 Character rerolling was not enabled.
 You were an atheist.
 You never genocided any monsters.
 You never polymorphed an object.
 You never changed form.
 You used no wishes.
Achievements:
 You entered the Gnomish Mines.
 You attained the rank of Field Worker.

 The Dungeons of Doom: levels 1 to 6
    Level 1:
       A sink.
    Level 2:
       A grave.
    Level 3:
       A fountain.
       Stairs down to The Gnomish Mines.
    Level 4:
    Level 5:
    Level 6:
 The Gnomish Mines:
    Level 4: <- You were here.
       Final resting place for
          you, killed by a giant bat.


Vanquished creatures:
  a rock mole
  a gray ooze
  a dwarf
  a homunculus
  a giant bat
  2 iguanas
  2 coyotes
  a brown mold
  a yellow mold
  a red mold
  5 gnomes
  2 garter snakes
  a gecko
  5 jackals
  a grid bug
  a lichen
  2 kobold zombies
  3 newts
32 creatures vanquished.

No species were genocided or became extinct.

Game over:
                       ----------
                      /          \
                     /    REST    \
                    /      IN      \
                   /     PEACE      \
                  /                  \
                  |  LDaviesPeters   |
                  |      81 Au       |
                  |   killed by a    |
                  |    giant bat     |
                  |                  |
                  |                  |
                  |       2026       |
                 *|     *  *  *      | *
        _________)/\\_//(\/(/\)/\//\/|_)_______

Goodbye LDaviesPeters the Archeologist...

You died in The Gnomish Mines on dungeon level 4 with 639 points,
and 81 pieces of gold, after 1902 moves.
You were level 3 with a maximum of 31 hit points when you died.

